 Dungeon Sprint DCSS version 0.27-a0-67-g4bfc8a49e1 (webtiles) character file.

Game seed: 1219611337362919863

11314 mhtbhm the Sorcerer (level 11, -22/56 HPs)
             Began as a Deep Elf Earth Elementalist on Jan 10, 2021.
             Was the Champion of Vehumet.
             Shot with an arrow by a deep elf master archer (28 damage)
             ... in the Dungeon (Sprint III: "The Ten Rune Challenge") on Jan 11, 2021.
             The game lasted 00:09:49 (2183 turns).

mhtbhm the Sorcerer (Deep Elf Earth Elementalist)   Turns: 2183, Time: 00:09:49

Health: -22/56     AC:  7    Str:  7    XL:     11   Next: 47%
Magic:  32/40      EV: 16    Int: 24    God:    Vehumet [******]
Gold:   2363       SH:  0    Dex: 13    Spells: 32/56 levels left

rFire    . . .     SeeInvis .   a - +4 quarterstaff (chaos)
rCold    . . .     Faith    .   (shield currently unavailable)
rNeg     . . .     Spirit   .   c - +0 robe
rPois    .         Reflect  .   (no helmet)
rElec    .         Harm     .   p - +0 cloak
rCorr    .         Rampage  .   s - +1 pair of gloves {archery}
Will     +....     NoTele   +   (no boots)
Stlth    +++.......             (no amulet)
HPRegen  0.18/turn              (no ring)
MPRegen  0.27/turn              (no ring)

@: lethally poisoned (-22 -> -29)
A: slimy green scales 1, blink, clumsy 1, strong 1
a: Blink, Renounce Religion


You were in the Dungeon.
You worshipped Vehumet.
Vehumet was exalted by your worship.
You visited 1 branch You collected 2387 gold pieces.
You spent 24 gold pieces at shops.

Inventory:

Hand Weapons
 a - a +4 quarterstaff of chaos (weapon)
Armour
 c - a +0 robe (worn)
 p - a +0 cloak (worn)
 s - a +1 pair of gloves of archery (worn)
Scrolls
 e - 2 scrolls of immolation
 i - a scroll of blinking
 j - a scroll of holy word
 l - a scroll of remove curse
Potions
 g - a potion of magic
 h - 2 potions of berserk rage
 m - a potion of invisibility
 n - 3 potions of flight
 r - a potion of might
Miscellaneous
 t - a tin of tremorstones (2/2)


   Skills:
 + Level 1.1 Fighting
 + Level 6.8 Dodging
 - Level 4.6 Stealth
 + Level 23.1 Spellcasting
 + Level 2.4 Conjurations
 + Level 1.1 Hexes
 + Level 3.9 Transmutations
 + Level 1.1 Fire Magic
 + Level 2.2 Air Magic
 + Level 19.4 Earth Magic
 + Level 1.4 Poison Magic
 + Level 1.8 Evocations


You had 32 spell levels left.
You knew the following spells:

 Your Spells              Type           Power        Failure   Level
a - Sandblast             Erth           100%         0%          1
b - Passwall              Tmut/Erth      58%          1%          2
c - Stone Arrow           Conj/Erth      100%         1%          3
d - Lee's Rapid Deconstr  Erth           44%          0%          5
e - Petrify               Tmut/Erth      70%          1%          4
f - Mephitic Cloud        Conj/Pois/Air  37%          1%          3
g - Ignite Poison         Fire/Tmut/Pois 38%          1%          3
h - Inner Flame           Hex/Fire       33%          1%          3

Your spell library contained the following spells:

 Spells                   Type           Power        Failure   Level
 Fulminant Prism          Conj/Hex       18%          1%          4
 Magic Dart               Conj           100%         1%          1
 Blink                    Tloc           N/A          1%          2
 Call Imp                 Summ           27%          1%          2
 Slow                     Hex            33%          1%          2
 Conjure Flame            Conj/Fire      36%          1%          3


Dungeon Overview and Level Annotations

Branches:
Dungeon (1/1)

Altars:
Cheibriados
Dithmenos
Elyvilon
Fedhas
Gozag
Hepliaklqana
Kikubaaqudgha
Makhleb
Nemelex Xobeh
Okawaru
Qazlal
Ru
Sif Muna
Trog
Uskayaw
Vehumet
Wu Jian
Xom
Yredelemnul
Zin
The Shining One
Beogh
Jiyva
Lugonu

Shops:
D *


Innate Abilities, Weirdness & Mutations

You are partially covered in slimy green scales. (AC +2)
You can translocate small distances at will.
You are clumsy. (Dex -2)
Your muscles are strong. (Str +2)


Message History

You kill the deep elf mage!
Vehumet accepts your kill.
You feel your power returning.
* * * LOW HITPOINT WARNING * * *
You feel sick.
You hear a shout!
A deep elf master archer comes into view.
It is wielding a +0 longbow and wearing a +2 chain mail of poison resistance.
Unknown command.
Evoke which item? (* to show all) (? for menu, Esc to quit)
Okay, then.
Casting: Lee's Rapid Deconstruction (safe; 0% risk of failure)
Confirm with . or Enter, or press ? or * to list all spells.
You can't see any susceptible monsters within range! (Use Z to cast anyway.) Unknown command.
The deep elf master archer shoots an arrow.
The arrow closely misses you.
The deep elf master archer shoots an arrow.
The arrow hits you!!
Ouch! That really hurt!
You die...

▓▓▓▓▓▓▓ ▓▓▓ #.#...###.########
### #.......#..'.#...# ...'
#...).....##.#...##≈≈≈≈#
#........∩##.#)..≈≈≈..[e
#).)......##)#).@##≈≈≈≈#
#))).#######.')..# ...[
#)###..# ####### ###
#)###########################
#)§≈§§§.#)(...'.#.#.#†'.†††≈#
#.#≈§≈#.#)#...##.#.#.##.††≈≈#
'.#§§§#.#.#...#.#.#.#.#...≈≈≈≈
#.#§§§#...#...##.#.#.##...≈≈≈≈
▓▓▓▓▓▓▓▓▓▓▓▓▓▓#.#.#.#.#.......


You could see a deep elf master archer.

Vanquished Creatures
  Snorg (D)
  A deep elf high priest (D)
  A centaur warrior (D)
  An orc high priest (D)
  A deep elf knight (D)
  2 unseen horrors (D)
  An orc knight (D)
  6 deep elf magi (D)
  An orc sorcerer (D)
  3 wandering mushrooms (D)
  A queen bee (D)
  A shadow (D)
  A spatial vortex (D)
  2 orc warriors (D)
  A necrophage (D)
  2 centaurs (D)
  An earth elemental (D)
  A water elemental (D)
  32 killer bees (D)
  A jelly (D)
  4 orc priests (D)
  Crazy Yiuf (D)
  2 orc wizards (D)
  A wizard (D)
  A necromancer (D)
  3 humans (D)
  A kobold demonologist (D)
  2 oozes (D)
  6 orcs (D)
  A goblin (D)
  2 rats (D)
85 creatures vanquished.

Notes
Turn   | Place    | Note
-------+----------+-------------------------------------------
     0 | D        | mhtbhm the Deep Elf Earth Elementalist began the quest for
                  | the Orb.
     0 | D        | Reached XP level 1. HP: 10/10 MP: 6/6
     4 | D        | Reached skill level 4 in Spellcasting
     7 | D        | Reached skill level 5 in Spellcasting
     7 | D        | Reached XP level 2. HP: 15/15 MP: 2/10
   100 | D        | Learned a level 2 spell: Passwall
   128 | D        | Gained mutation: You are partially covered in slimy green
                  | scales. (AC +2) [potion of mutation]
   128 | D        | Gained mutation: You are covered in fur. (AC +1) [potion of
                  | mutation]
   128 | D        | Gained mutation: You are partially covered in molten
                  | scales. (AC +2) [potion of mutation]
   131 | D        | Noticed Crazy Yiuf
   138 | D        | Killed Crazy Yiuf
   139 | D        | Reached skill level 6 in Spellcasting
   139 | D        | Reached skill level 5 in Earth Magic
   139 | D        | Reached XP level 3. HP: 16/19 MP: 5/12
   279 | D        | Learned a level 3 spell: Stone Arrow
   376 | D        | Noticed a water elemental
   381 | D        | Killed a water elemental
   382 | D        | Reached skill level 8 in Spellcasting
   382 | D        | Reached XP level 4. HP: 22/24 MP: 11/16
   404 | D        | Found a radiant altar of Vehumet.
   404 | D        | Found a shimmering blue altar of Sif Muna.
   404 | D        | Found an ancient bone altar of Kikubaaqudgha.
   404 | D        | Noticed a wizard
   407 | D        | Killed a wizard
   408 | D        | Reached XP level 5. HP: 28/28 MP: 13/18
   411 | D        | Reached skill level 9 in Spellcasting
   422 | D        | Became a worshipper of Vehumet
   519 | D        | Learned a level 5 spell: Lee's Rapid Deconstruction
   524 | D        | Learned a level 4 spell: Petrify
   526 | D        | Found a glowing silver altar of Zin.
   526 | D        | Found a glowing golden altar of the Shining One.
   526 | D        | Found a white marble altar of Elyvilon.
   526 | D        | Noticed a deep elf mage
   528 | D        | Noticed a fire elemental
   528 | D        | Killed a deep elf mage
   529 | D        | Reached skill level 5 in Dodging
   529 | D        | Reached skill level 12 in Spellcasting
   529 | D        | Reached XP level 6. HP: 32/32 MP: 8/23
   529 | D        | Reached XP level 7. HP: 36/36 MP: 8/25
   619 | D        | Found a hide-covered altar of Uskayaw.
   619 | D        | Found a roughly hewn altar of Beogh.
   619 | D        | Found an iron altar of Okawaru.
   619 | D        | Found a bloodstained altar of Trog.
   619 | D        | Found an ornate altar of the Wu Jian Council.
   619 | D        | Noticed a human
   619 | D        | Noticed a human
   620 | D        | Killed a human
   621 | D        | Reached skill level 13 in Spellcasting
   621 | D        | Killed a human
   621 | D        | Reached * piety under Vehumet
   621 | D        | Offered knowledge of Foxfire by Vehumet.
   622 | D        | Reached skill level 14 in Spellcasting
   672 | D        | Found a basalt altar of Yredelemnul.
   672 | D        | Found a shadowy altar of Dithmenos.
   672 | D        | Found a sacrificial altar of Ru.
   726 | D        | Reached ** piety under Vehumet
   726 | D        | Noticed a shadow
   732 | D        | Killed a shadow
   733 | D        | Reached skill level 15 in Spellcasting
   733 | D        | Reached XP level 8. HP: 31/41 MP: 11/29
   818 | D        | Found a blossoming altar of Fedhas.
   818 | D        | Found a stormy altar of Qazlal.
   818 | D        | Found a snail-covered altar of Cheibriados.
   818 | D        | Found a burning altar of Makhleb.
   818 | D        | Found a shimmering altar of Xom.
   819 | D        | Found a hazy altar of Hepliaklqana.
   819 | D        | Found an opulent altar of Gozag.
   819 | D        | Found a sparkling altar of Nemelex Xobeh.
   819 | D        | Found a corrupted altar of Lugonu.
   819 | D        | Found a viscous altar of Jiyva.
   826 | D        | Offered knowledge of Shock by Vehumet.
   955 | D        | Noticed Snorg
   961 | D        | Learned a level 3 spell: Mephitic Cloud
   982 | D        | Killed Snorg
   982 | D        | Offered knowledge of Ignite Poison by Vehumet.
   983 | D        | Reached skill level 16 in Spellcasting
   983 | D        | Reached skill level 1 in Conjurations
   983 | D        | Reached skill level 1 in Air Magic
   983 | D        | Reached XP level 9. HP: 33/46 MP: 2/31
  1135 | D        | Reached *** piety under Vehumet
  1136 | D        | Reached skill level 17 in Spellcasting
  1185 | D        | Learned a level 3 spell: Ignite Poison
  1195 | D        | Noticed a centaur warrior
  1202 | D        | Killed a centaur warrior
  1202 | D        | Offered knowledge of Inner Flame by Vehumet.
  1203 | D        | Reached skill level 18 in Spellcasting
  1203 | D        | Reached skill level 15 in Earth Magic
  1203 | D        | Reached skill level 1 in Poison Magic
  1431 | D        | Killed an unseen horror
  1432 | D        | Reached skill level 1 in Fighting
  1460 | D        | Killed an unseen horror
  1460 | D        | Reached **** piety under Vehumet
  1461 | D        | Reached skill level 19 in Spellcasting
  1461 | D        | Reached XP level 10. HP: 26/52 MP: 14/35
  1591 | D        | Learned a level 3 spell: Inner Flame
  1615 | D        | Offered knowledge of Airstrike by Vehumet.
  1617 | D        | Reached ***** piety under Vehumet
  1622 | D        | Reached ****** piety under Vehumet
  1624 | D        | Reached skill level 20 in Spellcasting
  1777 | D        | Offered knowledge of Yara's Violent Unravelling by Vehumet.
  1857 | D        | Noticed an orc knight
  1863 | D        | Noticed an orc sorcerer
  1865 | D        | Killed an orc knight
  1866 | D        | Reached skill level 21 in Spellcasting
  1866 | D        | Reached skill level 1 in Hexes
  1866 | D        | Reached skill level 1 in Fire Magic
  1868 | D        | Reached skill level 1 in Evocations
  1868 | D        | Noticed a sun demon
  1869 | D        | Killed an orc sorcerer
  1871 | D        | Noticed an orc high priest
  1880 | D        | Killed an orc high priest
  1881 | D        | Reached XP level 11. HP: 4/56 MP: 12/38
  1989 | D        | Found Zofu's General Store.
  2072 | D        | Bought a scroll of identify for 24 gold pieces
  2079 | D        | Noticed a deep elf mage
  2079 | D        | Noticed a deep elf mage
  2079 | D        | Noticed a deep elf knight
  2079 | D        | Noticed a deep elf mage
  2079 | D        | Noticed a deep elf mage
  2087 | D        | Killed a deep elf mage
  2087 | D        | Offered knowledge of Fulminant Prism by Vehumet.
  2090 | D        | Killed a deep elf mage
  2091 | D        | Reached skill level 22 in Spellcasting
  2091 | D        | Killed a deep elf mage
  2092 | D        | Killed a deep elf mage
  2093 | D        | Killed a deep elf knight
  2172 | D        | Noticed a deep elf annihilator
  2172 | D        | Noticed a deep elf mage
  2175 | D        | Lost mutation: You are partially covered in molten scales.
                  | (AC +2) [potion of mutation]
  2175 | D        | Lost mutation: You are partially covered in slimy green
                  | scales. (AC +2) [potion of mutation]
  2175 | D        | Gained mutation: You are partially covered in slimy green
                  | scales. (AC +2) [potion of mutation]
  2175 | D        | Gained mutation: Your spells are a little harder to cast,
                  | but a little more powerful. [potion of mutation]
  2176 | D        | Lost mutation: You are covered in fur. (AC +1) [potion of
                  | mutation]
  2176 | D        | Lost mutation: Your spells are a little harder to cast, but
                  | a little more powerful. [potion of mutation]
  2176 | D        | Lost mutation: You are partially covered in slimy green
                  | scales. (AC +2) [potion of mutation]
  2176 | D        | Gained mutation: You have a somewhat thin skeletal
                  | structure. (Dex +2, Stealth) [potion of mutation]
  2176 | D        | Gained mutation: You are partially covered in thin metallic
                  | scales. (AC +2) [potion of mutation]
  2177 | D        | Lost mutation: You are partially covered in thin metallic
                  | scales. (AC +2) [potion of mutation]
  2177 | D        | Lost mutation: You have a somewhat thin skeletal structure.
                  | (Dex +2, Stealth) [potion of mutation]
  2177 | D        | Gained mutation: You can translocate small distances at
                  | will. [potion of mutation]
  2177 | D        | Gained mutation: You are clumsy. (Dex -2) [potion of
                  | mutation]
  2177 | D        | Gained mutation: Your muscles are strong. (Str +2) [potion
                  | of mutation]
  2177 | D        | Gained mutation: You are partially covered in slimy green
                  | scales. (AC +2) [potion of mutation]
  2178 | D        | Noticed a deep elf high priest
  2180 | D        | Killed a deep elf high priest
  2181 | D        | Reached skill level 23 in Spellcasting
  2182 | D        | Killed a deep elf mage
  2182 | D        | Noticed a deep elf master archer
  2183 | D        | Shot with an arrow by a deep elf master archer

Illustrated notes

Levels and vault maps discovered:
D:        dungeon_sprint_mu [sprint_mu_entry_forest, sprint_mu_temple_rooms,
          sprint_mu_d1_horrors, sprint_mu_d2_genie, sprint_mu_d3_branching,
          sprint_mu_orc_legion, sprint_mu_elf_gauntlet, sprint_mu_hive_nellie,
          sprint_mu_lair_fedhas, sprint_mu_vaults_butterflies,
          sprint_mu_slime_circle, sprint_mu_swamp_cave, sprint_mu_shoals_archi,
          sprint_mu_blade_basic, sprint_mu_crypt_fortress,
          sprint_mu_tomb_spiral, sprint_mu_vestibule_basic,
          sprint_mu_gehenna_hellfire, sprint_mu_dis_giant,
          sprint_mu_tartarus_statrot, sprint_mu_cocytus_islands, sprint_mu_zot1]

Skill      XL: |  1  2  3  4  5  6  7  8  9 10 11 |
---------------+----------------------------------+-----
Spellcasting   | 5 6 8 12 15 16 19 21 23 | 23.1
Earth Magic    | 4 5 7 8 11 13 14 16 18 19 | 19.4
Dodging        | 3 4 5 6 |  6.8
Stealth        | 3 4 |  4.6
Transmutations | 2 3 |  3.9
Conjurations   | 1 2 |  2.4
Air Magic      | 1 2 |  2.2
Poison Magic   | 1 |  1.4
Fighting       | 1 |  1.1
Hexes          | 1 |  1.1
Fire Magic     | 1 |  1.1
Evocations     | 1 |  1.8

Action                   |  1- 3 |  4- 6 |  7- 9 | 10-12 || total
-------------------------+-------+-------+-------+-------++-------
 Cast: Sandblast         |    18 |     6 |     1 |     5 ||    30
       Passwall          |     1 |       |       |     4 ||     5
       Lee's Rapid Decon |       |     2 |    28 |    33 ||    63
       Mephitic Cloud    |       |       |     4 |     2 ||     6
       Stone Arrow       |       |       |       |     9 ||     9
       Inner Flame       |       |       |       |     2 ||     2
Evoke: Tin of tremorston |       |       |       |     4 ||     4
  Use: Potion            |     2 |       |     2 |     5 ||     9
       Scroll            |       |       |       |     4 ||     4
Armor: Robe              |       |       |     6 |     1 ||     7
Dodge: Dodged            |       |       |     7 |     9 ||    16

Table legend: (Time is in decaauts)
 A = Elapsed time spent in this place.
 B = Non-inter-level travel time spent in this place.
 C = Inter-level travel time spent in this place.
 D = Time resting spent in this place.
 E = Time spent auto-exploring this place.
 F = Levels seen in this place.
 G = Mean time per level.
                   A        B        C        D        E       F      G
               +--------+--------+--------+--------+--------+-----+--------+
         Total |   2171 |   2143 |     28 |   1546 |      1 |   1 | 2171.0 |
       Dungeon |   2171 |   2143 |     28 |   1546 |      1 |   1 | 2171.0 |
               +--------+--------+--------+--------+--------+-----+--------+

Top non-repeatable levels by time:
       D: 2171 daAuts
